 Dungeon Crawl Stone Soup version 0.26-a0-670-g578ab304f5 (webtiles) character file.

Game seed: 1948820016160136512

954 ANON1729 the Shield-Bearer (level 7, -4/64 HPs)
             Began as a Minotaur Fighter on Oct 18, 2020.
             Killed from afar by a guardian serpent (14 damage)
             ... with a bolt of poison
             ... on level 1 of the Abyss on Oct 19, 2020.
             The game lasted 00:07:16 (5473 turns).

ANON1729 the Shield-Bearer (Minotaur Fighter)       Turns: 5473, Time: 00:07:16

Health: -4/64      AC:  9    Str: 23    XL:     7   Next: 90%
Magic:  6/6        EV:  8    Int:  5    God:
Gold:   326        SH: 10    Dex:  9    Spells: 6/6 levels left

rFire    . . .     SeeInvis .   a - +0 long sword
rCold    . . .     Faith    .   c - +0 kite shield
rNeg     + . .     Spirit   .   b - +0 scale mail
rPois    .         Reflect  .   (helmet restricted)
rElec    .         Harm     .   (no cloak)
rCorr    .         Rampage  .   h - +0 pair of gloves
MR       .....                  (no boots)
Stlth    ..........             (no amulet)
HPRegen  0.20/turn              l - ring of positive energy
MPRegen  0.10/turn              (no ring)

@: lethally poisoned (-4 -> -10), slowed, very slow
A: retaliatory headbutt, horns 2
a: no special abilities


You were on level 1 of the Abyss.
You visited 1 branch of the dungeon, and saw 5 of its levels.
You visited the Abyss 1 time.

You collected 326 gold pieces.

Inventory:

Hand Weapons
 a - a +0 long sword (weapon)
Armour
 b - a +0 scale mail (worn)
 c - a +0 kite shield (worn)
 h - a +0 pair of gloves (worn)
Jewellery
 l - a ring of positive energy (left hand)
 o - a cursed ring of attention {unknown}
 v - an uncursed ring of flight {unknown}
Wands
 r - a wand of acid (7)
 t - a wand of random effects (14)
Scrolls
 f - 2 scrolls of enchant weapon {unknown}
 g - a scroll of noise {unknown}
 i - 3 scrolls of remove curse {unknown}
 j - 3 scrolls of immolation {unknown}
 m - a scroll of enchant armour {unknown}
 p - 2 scrolls of identify {unknown}
 q - 2 scrolls of amnesia {unknown}
 w - 4 scrolls of teleportation {unknown}
Potions
 d - 2 potions of might
 e - a potion of degeneration {unknown}
 k - a potion of invisibility {unknown}
 n - 3 potions of curing {unknown}
 s - 2 potions of brilliance {unknown}
 u - a potion of berserk rage {unknown}


   Skills:
 + Level 6.5 Fighting
 + Level 6.0 Long Blades
 + Level 6.5 Armour
 + Level 6.5 Shields


You had 6 spell levels left.
You didn't know any spells.
Your spell library was empty.

Dungeon Overview and Level Annotations

Branches:
Dungeon (5/15)
 Temple: D:4-7

Altars:
The Shining One


Innate Abilities, Weirdness & Mutations

You reflexively headbutt those who attack you in melee.
You have a pair of horns on your head.


Message History

Found a scroll labeled LYCICU XU XYOZ.
You feel sick.
You are no longer poisoned.
The guardian serpent hits you but does no damage.
Found a leather armour.
You block the guardian serpent's attack.
The guardian serpent hits you!
* * * LOW HITPOINT WARNING * * *
The guardian serpent barely misses you.
Found 6 atropa-tipped darts.
The guardian serpent hits you but does no damage.
The guardian serpent casts a spell at you.
The bolt of poison misses you.
You block the guardian serpent's attack.
You see here 6 atropa-tipped darts.
The guardian serpent hits you but does no damage.
The guardian serpent coils itself and waves its upper body at you.
The bolt of poison hits you!
You are poisoned.
You die...

#...[ .).. # # #.
.....### ##.... . ##.
#..?..##...#.# .# ...
##.....# .#... ##.
#..##....#.## ##≈NNN≈
..#....##..######S###
#.....#.#....## .#
#....## ....#.##.#
#.@S##.##..#....#
#..(..#####.###
##.#### ##.# ### ##


You could see a guardian serpent.

Vanquished Creatures
  Menkaure (D:5)
  A water moccasin (D:4)
  A sky beast (D:5)
  2 ogres
  A jelly (D:4)
  3 orc wizards
  Jessica (D:3)
  Natasha (thrice) (D:2)
  3 gnolls (D:4)
  11 adders
  7 oozes
  An adder skeleton (D:4)
  A worm (D:3)
  2 dart slugs (D:1)
  2 leopard geckos
  13 orcs
  A ball python (D:3)
  10 goblins
  6 hobgoblins
  4 jackals (D:4)
  13 kobolds
  A quokka (D:4)
  8 bats
  6 frilled lizards
  A leopard gecko skeleton (D:4)
  5 rats
108 creatures vanquished.

Vanquished Creatures (others)
  5 fungi (D:4)
  6 toadstools (D:4)
11 creatures vanquished.

Grand Total: 119 creatures vanquished

Notes
Turn   | Place    | Note
-------+----------+-------------------------------------------
     0 | D:1      | ANON1729 the Minotaur Fighter began the quest for the Orb.
     0 | D:1      | Reached XP level 1. HP: 19/19 MP: 0/0
   347 | D:1      | Reached XP level 2. HP: 27/27 MP: 1/1
  1075 | D:1      | Reached XP level 3. HP: 33/33 MP: 2/2
  1123 | D:2      | Noticed Natasha
  1127 | D:2      | Killed Natasha
  1309 | D:2      | Reached XP level 4. HP: 41/41 MP: 3/3
  1523 | D:2      | Noticed Natasha
  1530 | D:2      | Killed Natasha
  1694 | D:2      | Noticed Natasha
  1701 | D:2      | Killed Natasha
  1701 | D:2      | Reached XP level 5. HP: 35/47 MP: 4/4
  2265 | D:3      | Noticed Jessica
  2274 | D:3      | Killed Jessica
  2274 | D:3      | Reached skill level 5 in Fighting
  2274 | D:3      | Reached skill level 5 in Armour
  2274 | D:3      | Reached skill level 5 in Shields
  2444 | D:3      | Reached XP level 6. HP: 41/56 MP: 5/5
  3437 | D:3      | Reached skill level 5 in Long Blades
  3611 | D:4      | Reached XP level 7. HP: 62/62 MP: 6/6
  3672 | D:4      | Found a glowing golden altar of the Shining One.
  4408 | D:5      | Entered Level 5 of the Dungeon
  4426 | D:5      | Noticed Menkaure
  4850 | D:5      | Killed Menkaure
  5387 | D:4      | Cast into level 1 of the Abyss (gnoll)
  5449 | Abyss:1  | Noticed a naga warrior
  5456 | Abyss:1  | Noticed a guardian serpent
  5473 | Abyss:1  | Killed from afar by a guardian serpent

Illustrated notes

Levels and vault maps discovered:
D:1:      elethiomel_arrival_fortress_basement, layout_loops_ring
D:2:      layout_basic, uniq_natasha
D:3:      layout_basic, uniq_jessica
D:4:      cheibrodos_fertilizer, layout_loops_cross, tso_metal_star
D:5:      layout_layer_cave, led_sif_pool, nicolae_overflow_crystal_walls,
          kennysheep_okawaru_gauntlet, uniq_menkaure
Abyss:1:  base:
D:5

Skill      XL: |  1  2  3  4  5  6  7 |
---------------+----------------------+-----
Armour         | 4 5 6 |  6.5
Shields        | 4 5 6 |  6.5
Fighting       | 4 5 6 |  6.5
Long Blades    | 3 4 5 6 |  6.0

Action                   |  1- 3 |  4- 6 |  7- 9 || total
-------------------------+-------+-------+-------++-------
Melee: Long sword        |    68 |   176 |    83 ||   327
       Headbutt          |    10 |    27 |    20 ||    57
Armor: Scale mail        |    26 |    73 |    32 ||   131
Dodge: Dodged            |    19 |    61 |    36 ||   116
Block: Kite shield       |    30 |    94 |    53 ||   177
       Rpst.: Long sword |     4 |    16 |     8 ||    28

Table legend: (Time is in decaauts)
 A = Elapsed time spent in this place.
 B = Non-inter-level travel time spent in this place.
 C = Inter-level travel time spent in this place.
 D = Time resting spent in this place.
 E = Time spent auto-exploring this place.
 F = Levels seen in this place.
 G = Mean time per level.
                   A        B        C        D        E       F      G
               +--------+--------+--------+--------+--------+-----+--------+
         Total |   5584 |   5481 |    103 |   1828 |   2834 |   6 |  930.7 |
       Dungeon |   5495 |   5392 |    103 |   1775 |   2834 |   5 | 1099.0 |
         Abyss |     89 |     89 |      0 |     53 |      0 |   1 |   89.0 |
               +--------+--------+--------+--------+--------+-----+--------+

Top non-repeatable levels by time:
     D:4: 1667 daAuts
     D:3: 1540 daAuts
     D:1: 1139 daAuts
     D:2: 920 daAuts
     D:5: 227 daAuts
 Abyss:1: 89 daAuts
